 Dungeon Crawl Stone Soup version 0.28.0-49-g6dfe1f597d (webtiles) character file.

Game seed: 12424325882309734555

159 Zeld the Changer (level 5, -6/33 HPs)
             Began as an Octopode Transmuter on May 15, 2022.
             Killed by divine providence
             ... invoked by an orc priest
              (12 damage)
             ... on level 3 of the Dungeon.
             The game lasted 00:03:12 (4520 turns).

Zeld the Changer (Octopode Transmuter)              Turns: 4520, Time: 00:03:12

Health: -6/33      AC:  1    Str: 11    XL:     5   Next: 40%
Magic:  9/9        EV: 13    Int: 16    God:
Gold:   131        SH:  0    Dex: 12    Spells: 0/10 levels left

rFire   . . .      SeeInvis .     - Unarmed
rCold   . . .      Faith    .   (no shield)
rNeg    . . .      Spirit   .   (helmet restricted)
rPois   .          Reflect  .   (no amulet)
rElec   .          Harm     .   (no ring)
rCorr   .          Rampage  .   (no ring)
Will    .....                   (no ring)
Stlth   +++.......              (no ring)
HPRegen 0.11/turn               (no ring)
MPRegen 0.11/turn               (no ring)
                                (no ring)
                                (no ring)

@: no status effects
A: almost no armour, amphibious, 8 rings, camouflage 1, gelatinous body 1,
(nimble swimmer 1), tentacles
a: no special abilities


You were on level 3 of the Dungeon.
You visited 1 branch of the dungeon, and saw 3 of its levels.

You collected 131 gold pieces.

Inventory:

Scrolls
 b - 3 scrolls of identify {unknown}
 c - a scroll of vulnerability {unknown}
 d - a scroll of summoning {unknown}
 g - a scroll of fog {unknown}
 h - a scroll of amnesia {unknown}
Potions
 a - a potion of brilliance {unknown}
 e - a potion of heal wounds {unknown}
 f - a potion of haste {unknown}
 i - 2 potions of lignification {unknown}


   Skills:
 - Level 1.0 Fighting
 - Level 2.0 Dodging
 + Level 2.6 Stealth
 - Level 3.0 Unarmed Combat
 * Level 3.2 Spellcasting
 * Level 3.4 Transmutations
 + Level 0.4 Ice Magic
 + Level 2.0 Poison Magic


You couldn't memorise any spells.
You knew the following spells:

 Your Spells              Type           Power      Damage    Failure   Level
a - Beastly Appendage     Tmut           26%        N/A       4%          1
b - Wereblood             Tmut           13%        N/A       7%          2
c - Spider Form           Tmut/Pois      11%        N/A       19%         3
d - Ice Form              Ice/Tmut       8%         N/A       63%         4

Your spell library contained the following spells:

 Spells                   Type           Power      Damage    Failure   Level
 Animate Skeleton         Necr           4%         N/A       19%         1
 Apportation              Tloc           4%         N/A       19%         1
 Summon Small Mammal      Summ           8%         N/A       19%         1
 Blink                    Tloc           4%         N/A       28%         2
 Gell's Gravitas          Tloc           2%         N/A       50%         3
 Lesser Beckoning         Tloc           2%         N/A       50%         3
 Teleport Other           Tloc           2%         N/A       50%         3
 Manifold Assault         Tloc           2%         N/A       99%         5


Dungeon Overview and Level Annotations

Branches:
Dungeon (3/15)

Altars:
Uskayaw


Innate Abilities, Weirdness & Mutations

You cannot wear most types of armour.
You are amphibious.
You can wear up to eight rings at the same time.
Your skin changes colour to match your surroundings (Stealth+).
Your rubbery body absorbs attacks. (AC +1, EV +1)
((You are camouflaged when in or above water. (Stealth+)))
You have tentacles for arms and can constrict up to eight enemies at once.


Message History

The orc priest looks encouraged for a moment.
The orc priest struggles to escape constriction.
You tentacle-slap the orc priest.
You pierce the orc priest!
The orc priest is almost dead.
You constrict the orc priest.
You kill the orc priest!
Your Poison Magic skill increases to level 2!
Unknown command.
You tentacle-slap the orc priest but do no damage.
Your grab misses the orc priest. The orc priest closely misses you.
Unknown command.
You tentacle-slap the orc priest but do no damage.
Your grab misses the orc priest.
Your tentacle spike misses the orc priest.
The orc priest invokes the aid of Beogh against you.
Beogh smites you!
You are too injured to fight recklessly!
Unknown command.
You are too injured to fight recklessly!
You barely miss the orc priest. You grab the orc priest.
You constrict the orc priest, but do no damage.
The orc priest struggles to escape constriction.
Unknown command.
You tentacle-slap the orc priest.
The orc priest is lightly wounded.
Your transformation is almost over.
You constrict the orc priest, but do no damage.
The orc priest escapes!
Unknown command.
You closely miss the orc priest. You grab the orc priest.
You pierce the orc priest, but do no damage.
The orc priest is lightly wounded.
You constrict the orc priest. The orc priest hits you with a +0 whip!
* * * LOW HITPOINT WARNING * * *
Unknown command.
You release your grip on the orc priest.
Your tentacle spike disappears.
The orc priest mumbles some strange prayers to Beogh against you.
Beogh smites you!
You die...

..##########.#.##.##***,,,,,**,**
#.#####....)...##.#####.....#*,*
#.........)#.....(..........##'**
*######.##.######.####........,,,
#.#......o.....#........,,,
*######'#..######.##.#........,,,
#..........#...o..##.#..[...#*,**
#........###o#######.#......##,*
#........'.....o@............#,*
#........###.#####.....#####.#,*
#..........#.#...'.........#.#,**
#..........#.###.#....#.##.#.#,,,
######.....#.#........'.#..#.###.
#.....#.#........#.#........
#.[.....#........####...####
#.......#...........'.......
###.....#.....#######....###


You could see an orc priest and an orc.

Vanquished Creatures
  A jelly (D:3)
  An orc priest (D:3)
  3 adders
  3 worms
  A dart slug (D:3)
  3 orcs (D:3)
  4 endoplasms
  3 giant cockroaches (D:1)
  4 goblins
  4 hobgoblins
  10 jackals (D:3)
  7 kobolds
  4 ball pythons
  3 bats
  5 rats
56 creatures vanquished.

Notes
Turn   | Place    | Note
-------+----------+-------------------------------------------
     0 | D:1      | Zeld the Octopode Transmuter began the quest for the Orb.
     0 | D:1      | Reached XP level 1. HP: 13/13 MP: 3/3
   653 | D:1      | Reached XP level 2. HP: 18/18 MP: 3/5
   664 | D:1      | Learned a level 2 spell: Wereblood
  1288 | D:1      | Reached skill level 1 in Stealth
  1515 | D:1      | Reached skill level 1 in Poison Magic
  1781 | D:2      | Reached XP level 3. HP: 23/23 MP: 6/6
  1785 | D:2      | Learned a level 3 spell: Spider Form
  1790 | D:2      | Found a faded altar of an unknown god.
  2906 | D:3      | Reached XP level 4. HP: 28/28 MP: 5/8
  3588 | D:3      | Found a hide-covered altar of Uskayaw.
  4045 | D:3      | Reached XP level 5. HP: 33/33 MP: 7/9
  4060 | D:3      | Learned a level 4 spell: Ice Form
  4520 | D:3      | Killed from afar by an orc priest

Illustrated notes

Levels and vault maps discovered:
D:1:      matt_arrival_refuge, layout_basic
D:2:      layout_basic, shapermc_ecumenical_altar_venn, nicolae_wormholes
D:3:      layout_basic, mainiacjoe_overflow_brackets

Skill      XL: |  1  2  3  4  5 |
---------------+----------------+-----
Stealth        | 1 2 |  2.6
Poison Magic   | 1 2 |  2.0
Transmutations | 3 |  3.4
Spellcasting   | 3 |  3.2
Fighting       | |  1.0
Dodging        | |  2.0
Unarmed Combat | |  3.0
Ice Magic      | |  0.4

Action                   |  1- 3 |  4- 6 || total
-------------------------+-------+-------++-------
Melee: Unarmed           |    81 |    46 ||   127
       Kick              |    30 |    17 ||    47
       Constrict         |    26 |    17 ||    43
       Tentacles         |    13 |     8 ||    21
       Punch             |     1 |     1 ||     2
 Cast: Beastly Appendage |    28 |    15 ||    43
 Stab: Sleeping          |     9 |     1 ||    10
Armor: Skin              |     7 |     4 ||    11
Dodge: Dodged            |    51 |    22 ||    73
